[Event "Titled Tuesday Blitz May 24 Early 2022"]
[White "Zemlyanskii, Ivan"]
[Black "Derraugh, Geordie"]
[WhiteFideId "24249971"]
[BlackFideId "2603950"]
[WhiteElo "1815"]
[BlackElo "2116"]
[Result "1-0"]
[Round "10"]
[TimeControl "180+1"]
[Date "2022.05.25"]
[WhiteClock "0:00:09"]
[BlackClock "0:00:01"]

1. d4 Nf6 2. c4 g6 3. Nf3 Bg7 4. Nc3 d5 5. h4 h5 6. Bg5 dxc4 7. e4 Bg4 8. e5 Nd5 9. Bxc4 c6 10. O-O O-O 11. Rc1 Qd7 12. Qd3 Nb4 13. Qe3 e6 14. Ne4 Bxf3 15. gxf3 Nd5 16. Bxd5 exd5 17. Nf6+ Bxf6 18. Bxf6 Kh7 19. Kh2 Qe6 20. Rg1 Nd7 21. Qf4 Nxf6 22. exf6 Rad8 23. Rg5 Rd6 24. Re5 Qxf6 25. Qg3 Re6 26. Rce1 Rfe8 27. f4 c5 28. dxc5 Rxe5 29. fxe5 Qf5 30. Re3 Re7 31. b4 d4 32. Rf3 Qe6 33. Rf6 Qxa2 34. Qd3 Qd5 35. f4 Kg7 36. Rd6 Qa2+ 37. Kg3 Qa1 38. Qxd4 Qe1+ 39. Kg2 Qxh4 40. e6+ f6 41. Qd5 Qxf4 42. Rd7 Qg4+ 43. Kf2 Qf4+ 44. Kg2 Qg4+ 45. Kf2 Qf4+ 46. Ke2 Qg4+ 47. Kd3 Qg3+ 48. Kc2 Qf2+ 49. Kb3 Qe3+ 50. Ka4 Rxd7 51. Qxd7+ Kh6 52. e7 b5+ 53. Kxb5 Qe2+ 54. Kc6 Qe4+ 55. Kc7 Qe5+ 56. Kd8 Qb8+ 57. Qc8 Qxb4 58. e8=Q Qa5+ 59. Qc7 Qd2+ 60. Qed7 Qe3 61. Qg7+ Kg5 62. Qge7 Qd4+ 63. Qcd6 Qa4 64. Qe3+ Kf5 65. Qd5+ Kg4 66. Qdf3+ Kh4 67. Qg3# 1-0


[Site "https://www.chess.com"]

[Event "Titled Tuesday Blitz May 24 Early 2022"]
[White "Zorbos"]
[Black "Ovezdurdyyeva, Jemal"]
[BlackFideId "14001888"]
[WhiteElo "2473"]
[BlackElo "1946"]
[Result "1-0"]
[Round "10"]
[TimeControl "180+1"]
[Date "2022.05.25"]
[WhiteClock "0:01:15"]
[BlackClock "0:00:34"]

1. c4 Nf6 2. Nc3 g6 3. g3 d5 4. Bg2 d4 5. Nd5 Nxd5 6. Bxd5 Bg7 7. d3 c6 8. Bg2 O-O 9. Nf3 Bf5 10. O-O Qd7 11. Re1 Bh3 12. Bh1 h6 13. b4 Qc7 14. Bb2 e5 15. e3 dxe3 16. Rxe3 Nd7 17. Qe2 Rae8 18. Re1 f6 19. Nh4 Kh7 20. f4 Qb6 21. d4 exd4 22. Rxe8 d3+ 23. Qf2 d2 24. Qxb6 Nxb6 25. Bf3 dxe1=Q+ 26. Rxe1 Nxc4 27. Bd4 Rd8 28. Bxa7 Ra8 29. Bc5 Rxa2 30. Re7 Nd2 31. Be2 g5 32. Bd3+ Kg8 33. Re8+ Kf7 34. Bg6# 1-0


[Site "https://www.chess.com"]

[Event "Titled Tuesday Blitz May 24 Early 2022"]
[White "Ajay Krishna, S"]
[Black "Itkis, Boris"]
[WhiteFideId "5096430"]
[BlackFideId "1209167"]
[WhiteElo "2247"]
[BlackElo "2207"]
[Result "1-0"]
[Round "11"]
[TimeControl "180+1"]
[Date "2022.05.25"]
[WhiteClock "0:00:12"]
[BlackClock "0:00:05"]

1. d4 Nf6 2. c4 Nc6 3. Nf3 e6 4. Nc3 Bb4 5. Bd2 O-O 6. e3 d6 7. a3 Bxc3 8. Bxc3 Qe7 9. Be2 e5 10. dxe5 dxe5 11. O-O Bf5 12. b4 Rfd8 13. Qb3 Bd3 14. Bxd3 Rxd3 15. Qb2 e4 16. Ne1 Rd7 17. b5 Nd8 18. Nc2 Ne6 19. Nd4 Nxd4 20. Bxd4 c5 21. bxc6 bxc6 22. h3 Ne8 23. Rfd1 Rb7 24. Qc2 Nc7 25. Rab1 Rab8 26. Bxa7 Rxb1 27. Rxb1 Rxb1+ 28. Qxb1 f5 29. Qb7 Qd6 30. Bd4 Ne6 31. Qa8+ Kf7 32. Qa7+ Kg6 33. a4 f4 34. c5 Qd5 35. Qe7 f3 36. gxf3 exf3 37. a5 Nxd4 38. exd4 Qf5 39. Qd6+ Kf7 40. Qc7+ Kg6 41. Qxc6+ Kh5 42. Qd6 Qb1+ 43. Kh2 Qf1 44. Qe5+ g5 45. Qg3 Qe2 46. a6 Qxa6 47. Qxf3+ Kg6 48. Qe4+ Kh6 49. c6 Qb6 50. Qe6+ Kh5 51. Qf7+ Kh6 52. d5 Qd4 53. c7 Qe5+ 54. Kg2 Qe4+ 55. Qf3 Qe8 56. d6 1-0


[Site "https://www.chess.com"]

[Event "Titled Tuesday Blitz May 24 Early 2022"]
[White "Alinasab, Mobina"]
[Black "Ivanisevic, Ivan"]
[WhiteFideId "12528897"]
[BlackFideId "912417"]
[WhiteElo "2031"]
[BlackElo "2495"]
[Result "1-0"]
[Round "11"]
[TimeControl "180+1"]
[Date "2022.05.25"]
[WhiteClock "0:00:05"]
[BlackClock "0:00:02"]

1. Nf3 d5 2. g3 c6 3. Bg2 Bg4 4. O-O Nd7 5. d4 e6 6. b3 Ngf6 7. Bb2 Bd6 8. c4 Ne4 9. Nc3 f5 10. Rc1 O-O 11. Nd2 Nxc3 12. Bxc3 f4 13. Nf3 Qf6 14. e3 fxg3 15. fxg3 Qh6 16. Qd2 Bh3 17. Qe2 Bxg2 18. Kxg2 Nf6 19. Nd2 Qg6 20. Rce1 h5 21. e4 Ng4 22. exd5 exd5 23. Qe6+ Qxe6 24. Rxe6 Rad8 25. cxd5 Rxf1 26. Nxf1 cxd5 27. Bd2 Kf7 28. Re2 Rc8 29. Bg5 Kg6 30. Bh4 Ba3 31. h3 Nh6 32. Ne3 Re8 33. Kf3 Nf5 34. Nxf5 Rxe2 35. Kxe2 Kxf5 36. Kf3 Bb2 37. g4+ hxg4+ 38. hxg4+ Ke6 39. Ke3 b5 40. Bg3 Bc1+ 41. Kf3 a6 42. Be5 g6 43. Bc7 Bg5 44. Be5 Bc1 45. Bc7 Kf7 46. Be5 Kg8 47. Bf4 Bb2 48. Be5 Kh7 49. Kf4 Bc1+ 50. Kf3 Kg8 51. Bf4 Bb2 52. Be3 Kf7 53. Kf4 Kf6 54. Kf3 Bc3 55. Bf2 a5 56. Be3 a4 57. bxa4 bxa4 58. Ke2 Ke6 59. Kd3 Be1 60. Ke2 Bg3 61. Kf3 Bd6 62. Ke2 Kd7 63. Kf3 Kc6 64. Bf4 Be7 65. Be5 Kb5 66. Ke3 Kc4 67. Kf4 Kd3 68. g5 a3 69. Bf6 Bd6+ 70. Be5 Bb4 71. Bf6 Bd6+ 72. Be5 Bf8 73. Bf6 Kc2 74. Ke5 Kb1 75. Kxd5 Kxa2 76. Ke6 Kb3 77. d5 1-0


[Site "https://www.chess.com"]

[Event "Titled Tuesday Blitz May 24 Early 2022"]
[White "Andreikin, Dmitry"]
[Black "Samadov, Read"]
[WhiteFideId "4158814"]
[BlackFideId "13417444"]
[WhiteElo "2736"]
[BlackElo "2084"]
[Result "0-1"]
[Round "11"]
[TimeControl "180+1"]
[Date "2022.05.24"]
[WhiteClock "0:00:17"]
[BlackClock "0:00:28"]

1. e4 c5 2. Nc3 d6 3. Nge2 Nf6 4. Nf4 Nc6 5. Be2 g6 6. g4 h6 7. h4 Bg7 8. d3 Nd4 9. Be3 Nxe2 10. Qxe2 Nxg4 11. O-O-O h5 12. Rhg1 Rb8 13. Kb1 b5 14. Bc1 b4 15. Ncd5 e6 16. Ne3 Ne5 17. Nc4 a5 18. Rg5 Bf6 19. Nxe5 dxe5 20. Nxg6 fxg6 21. Rxg6 Rb7 22. Rdg1 Rf7 23. Rg8+ Rxg8 24. Rxg8+ Rf8 25. Qxh5+ Kd7 26. Rg4 Qe8 27. Qh6 Qf7 28. b3 Rh8 29. Qe3 Kc6 30. Qg3 Bd7 31. Bg5 Bxg5 32. hxg5 Kd6 33. g6 Qg7 34. Rg5 Be8 35. a4 Rh6 36. f4 Rxg6 37. fxe5+ Kc6 38. Rxg6 Qxg6 39. Qf2 Qg5 40. Qf8 Qd8 41. Qg8 Qe7 42. Qh8 Kb7 43. Qg8 Bc6 44. Kb2 Qd7 45. Kb1 Qe8 46. Qg7+ Kb6 47. Qf6 Qd7 48. Qf8 Qe8 49. Qd6 Qc8 50. Kc1 Qc7 51. Qxe6 Qg7 52. Kb2 Qg1 53. Qe7 Qd4+ 54. Kb1 Qg1+ 55. Kb2 Qd4+ 56. Ka2 Qf2 57. Qd8+ Ka6 58. Qc8+ Kb6 59. Qb8+ Ka6 60. Kb1 Qg1+ 61. Kb2 Qd4+ 62. Ka2 Qf2 63. Qc8+ Kb6 64. Qd8+ Ka6 65. Kb2 Qd4+ 66. Qxd4 cxd4 67. Kc1 Kb6 68. Kd2 Kc7 69. Ke2 Kd7 70. Kf3 Ke6 71. Kf4 Be8 72. Kg4 Kxe5 73. Kg5 Bd7 74. Kh4 Kf4 75. Kh5 Bg4+ 76. Kg6 Bd1 77. Kf6 Bxc2 78. e5 Bxb3 79. e6 Bxa4 0-1


[Site "https://www.chess.com"]

[Event "Titled Tuesday Blitz May 24 Early 2022"]
[White "Antipov, Mikhail Al."]
[Black "Vidit, Santosh Gujrathi"]
[WhiteFideId "4107012"]
[BlackFideId "5029465"]
[WhiteElo "2512"]
[BlackElo "2654"]
[Result "0-1"]
[Round "11"]
[TimeControl "180+1"]
[Date "2022.05.24"]
[WhiteClock "0:00:01"]
[BlackClock "0:00:07"]

1. e4 c5 2. Nf3 e6 3. b3 b6 4. Bb2 Bb7 5. Nc3 Nc6 6. Qe2 d6 7. O-O-O e5 8. g4 Nge7 9. h4 Nd4 10. Nxd4 cxd4 11. Nd5 Rc8 12. Bg2 Nxd5 13. exd5 Qc7 14. c4 b5 15. d3 Be7 16. f4 O-O 17. Kb1 Rfe8 18. f5 bxc4 19. bxc4 Rb8 20. Be4 Ba6 21. g5 Rb4 22. Ka1 Reb8 23. Rd2 Qa5 24. Rc2 Ra4 25. Bc1 f6 26. Bd2 Qb6 27. Rhc1 Qb3 28. g6 h6 29. Be1 Qa3 30. Qd1 Bd8 31. Rb1 Rb6 32. Bd2 Bc8 33. h5 Rxb1+ 34. Qxb1 Bb6 35. Bc1 Qc5 36. Rb2 Bd7 37. Bd2 Qc8 38. Qc1 Bxf5 39. Bxh6 Bxe4 40. dxe4 Rxc4 41. Qd2 gxh6 42. Qc2 Rxc2 0-1


[Site "https://www.chess.com"]

[Event "Titled Tuesday Blitz May 24 Early 2022"]
[White "Aradhya, Garg"]
[Black "Al-Tarboush, Ward"]
[WhiteFideId "25006746"]
[BlackFideId "7601450"]
[WhiteElo "2169"]
[BlackElo "2294"]
[Result "1-0"]
[Round "11"]
[TimeControl "180+1"]
[Date "2022.05.25"]
[WhiteClock "0:02:25"]
[BlackClock "0:00:41"]

1. d4 b6 2. e4 Bb7 3. Bd3 e6 4. Nf3 c5 5. O-O cxd4 6. Nxd4 Bc5 7. Nc3 Bxd4 8. Nb5 Bc5 9. Qg4 g6 10. Bg5 f6 11. Bf4 e5 12. Bg3 Nc6 13. c3 a6 14. b4 Be7 15. Na3 Nh6 16. Qf3 Nf7 17. Nc4 O-O 18. Ne3 Ng5 19. Qe2 Bd6 20. Rfd1 Ne6 21. Bc4 Qc7 22. Nd5 Qd8 23. Nxb6 Qxb6 24. Rxd6 Rad8 25. Rad1 Bc8 26. h4 Kg7 27. h5 Nf4 28. Bxf4 exf4 29. Qd2 Qc7 30. Qxf4 Ne5 31. h6+ Kh8 32. Rxf6 Rfe8 33. Rxg6 Rf8 34. Rg8+ 1-0


[Site "https://www.chess.com"]

[Event "Titled Tuesday Blitz May 24 Early 2022"]
[White "Araujo Filho, Luiz Antonio Coel"]
[Black "Legenia, Artem"]
[WhiteFideId "2130661"]
[BlackFideId "14136945"]
[WhiteElo "2253"]
[BlackElo "1936"]
[Result "0-1"]
[Round "11"]
[TimeControl "180+1"]
[Date "2022.05.25"]
[WhiteClock "0:03:00"]
[BlackClock "0:02:55"]

1. d4 b6 2. Nf3 Bb7 3. e3 g6 4. Bd3 Bg7 5. Nbd2 d6 6. O-O Nd7 7. b3 e6 8. Bb2 Ne7 9. Qe2 O-O 10. e4 a6 11. c4 c5 12. d5 Bxb2 0-1


[Site "https://www.chess.com"]

[Event "Titled Tuesday Blitz May 24 Early 2022"]
[White "Avazkhonov, Alikhon"]
[Black "Samaganova, Aleksandra"]
[WhiteFideId "14208504"]
[BlackFideId "13800221"]
[WhiteElo "1739"]
[BlackElo "1889"]
[Result "0-1"]
[Round "11"]
[TimeControl "180+1"]
[Date "2022.05.25"]
[WhiteClock "0:00:02"]
[BlackClock "0:00:14"]

1. f4 c5 2. Nf3 Nc6 3. g3 g6 4. Bg2 Bg7 5. O-O e6 6. d3 Nge7 7. e4 d5 8. Nc3 a6 9. h3 O-O 10. Ne2 b5 11. c3 b4 12. e5 Rb8 13. d4 bxc3 14. bxc3 cxd4 15. cxd4 a5 16. Be3 Ba6 17. Qd2 a4 18. Rab1 Qc7 19. Rfc1 Rxb1 20. Rxb1 Na5 21. Rb4 Nc4 22. Qc3 Qd7 23. Bf2 Rc8 24. Qc2 Nb6 25. Qd2 Qc7 26. Ne1 Nc6 27. Rb1 Nc4 28. Qc3 Bf8 29. Nd3 Rb8 30. Rxb8 Qxb8 31. Nec1 Qb1 32. Nc5 Bb5 33. Kh2 h5 34. Bf3 Qb2 35. Qxb2 Nxb2 36. a3 Nc4 37. Bd1 Nxa3 38. Bxa4 Bxa4 39. Nxa4 Bb4 40. Nd3 Bd2 41. g4 hxg4 42. hxg4 Nc2 43. Ndc5 Bxf4+ 44. Kg2 N6xd4 45. Nd7 Bg5 46. Nac5 Nc6 47. Bg3 Ne3+ 48. Kf3 Nc4 49. Bf2 N4xe5+ 50. Nxe5 Nxe5+ 51. Kg3 Nc4 52. Nd3 Bf6 53. Nf4 Be5 54. Kf3 Nd2+ 55. Ke2 Bxf4 0-1


[Site "https://www.chess.com"]

[Event "Titled Tuesday Blitz May 24 Early 2022"]
[White "Baches Garcia, Guillermo"]
[Black "Silvestre, Christian"]
[WhiteFideId "2209764"]
[BlackFideId "30956269"]
[WhiteElo "2474"]
[BlackElo "2284"]
[Result "1/2-1/2"]
[Round "11"]
[TimeControl "180+1"]
[Date "2022.05.25"]
[WhiteClock "0:00:14"]
[BlackClock "0:00:05"]

1. c4 d5 2. cxd5 Qxd5 3. Nc3 Qd6 4. g3 a6 5. Bg2 e5 6. Nf3 Nf6 7. d4 Nc6 8. dxe5 Nxe5 9. Bf4 Qxd1+ 10. Rxd1 Nxf3+ 11. Bxf3 c6 12. O-O Be6 13. e4 Bb4 14. a3 Bxc3 15. bxc3 O-O 16. Rd6 Ne8 17. Rd4 g6 18. e5 Nc7 19. c4 c5 20. Rd6 Rab8 21. Rb6 Bxc4 22. Rc1 Nd5 23. Bxd5 Bxd5 24. Rxc5 Bc6 25. Bg5 Rfe8 26. f4 Rbc8 27. Kf2 Be4 28. Rxc8 Rxc8 29. Rd6 Bf5 30. Bf6 h5 31. h4 Kf8 32. Rd8+ Rxd8 33. Bxd8 Ke8 34. Bg5 Kd7 35. Ke3 Kc6 36. Kd4 Kb5 37. Kc3 Ka4 38. Kb2 b5 39. Bf6 Be6 40. Bg5 b4 41. axb4 Kxb4 42. Bf6 Kc4 43. Bg5 Kd3 44. Ka3 Ke4 45. Kb2 Kf3 46. Ka3 Kxg3 47. Kb2 Bc4 48. Ka3 Kg4 49. Kb2 Bb5 50. Ka3 Kf5 51. Kb2 Ke6 52. Ka3 Bd7 53. Kb2 Kf5 54. Ka3 Be6 55. Kb2 a5 56. Ka3 a4 57. Kxa4 f6 58. exf6 Bf7 59. Kb4 Ke6 60. Kc5 Kd7 61. Kd4 Be6 62. Ke5 Bf7 63. f5 gxf5 64. Kxf5 Kd6 65. Bf4+ Kd5 66. Bg3 Kd4 67. Bh2 Kd5 68. Bg3 Kd4 69. Kg5 Ke4 70. Kh6 Kf5 71. Kg7 Ke6 72. Bf4 Be8 73. Bg5 Bf7 74. Bd2 Be8 75. Bc3 Bf7 76. Kh6 Be8 77. Kg7 Bf7 78. Kf8 Bg6 79. Kg7 Bf7 1/2-1/2


[Site "https://www.chess.com"]

[Event "Titled Tuesday Blitz May 24 Early 2022"]
[White "Bacrot, Etienne"]
[Black "Srihari L R"]
[WhiteFideId "605506"]
[BlackFideId "46617116"]
[WhiteElo "2673"]
[BlackElo "2121"]
[Result "1-0"]
[Round "11"]
[TimeControl "180+1"]
[Date "2022.05.24"]
[WhiteClock "0:00:08"]
[BlackClock "0:00:11"]

1. Nf3 g6 2. h4 h5 3. d4 Bg7 4. e4 d6 5. Bg5 Bg4 6. Nbd2 Nc6 7. c3 Qc8 8. Bb5 a6 9. Ba4 Nf6 10. Qc2 O-O 11. O-O-O b5 12. Bb3 e5 13. Bxf6 Bxf6 14. Bd5 Qe8 15. dxe5 dxe5 16. Nf1 Rb8 17. Ne3 b4 18. Qa4 Bd7 19. Qc2 bxc3 20. Qxc3 Nd4 21. Kb1 Bg4 22. Nxg4 hxg4 23. Nxd4 exd4 24. Qd3 Qb5 25. Qxb5 Rxb5 26. Rd3 Kg7 27. Bc4 Rb6 28. Rg3 d3 29. b3 d2 30. Rxg4 Rd8 31. Kc2 a5 32. h5 a4 33. h6+ Kf8 34. Rd1 axb3+ 35. axb3 Rbd6 36. Rg3 Ra8 37. b4 Rb8 38. b5 c6 39. Rxd2 Rxd2+ 40. Kxd2 cxb5 41. Bd5 Be5 42. Rh3 Ke7 43. Kc2 b4 44. g3 g5 45. Rh5 f6 46. h7 Rh8 47. Bg8 Kf8 48. Kb3 Bd6 49. Rh1 Kg7 50. Rd1 Bc5 51. f4 gxf4 52. gxf4 Be3 53. Rf1 Bd2 54. Kc4 Bc3 55. Kb3 Bd2 56. Rf3 Kf8 57. e5 fxe5 58. fxe5+ Ke7 59. Rf7+ Ke8 60. e6 Bg5 61. Kxb4 Be7+ 62. Kc4 Ba3 63. Kd5 Be7 64. Ke5 Kd8 65. Kf5 Ke8 66. Rxe7+ Kxe7 67. Kg6 Kf8 68. Kf6 Ke8 69. Kg7 Rxh7+ 70. Bxh7 Ke7 71. Bf5 1-0


[Site "https://www.chess.com"]

[Event "Titled Tuesday Blitz May 24 Early 2022"]
[White "Barp, Alberto"]
[Black "Kovalev, Vladislav"]
[WhiteFideId "872555"]
[BlackFideId "13504398"]
[WhiteElo "2229"]
[BlackElo "2530"]
[Result "1-0"]
[Round "11"]
[TimeControl "180+1"]
[Date "2022.05.24"]
[WhiteClock "0:00:12"]
[BlackClock "0:00:03"]

1. Nf3 Nf6 2. g3 g6 3. Bg2 Bg7 4. O-O O-O 5. d4 d6 6. b3 e5 7. dxe5 dxe5 8. Ba3 e4 9. Ng5 e3 10. f4 Ng4 11. c3 Re8 12. Qxd8 Rxd8 13. h3 Nf2 14. Bc5 h6 15. Bxe3 Nd1 16. Bd2 hxg5 17. Rxd1 gxf4 18. gxf4 Nc6 19. Na3 Rxd2 20. Rxd2 Bxc3 21. Rad1 Bxd2 22. Rxd2 Bf5 23. Nb5 a6 24. Nxc7 Rc8 25. Nd5 Kg7 26. e4 Be6 27. Ne3 Nb4 28. f5 gxf5 29. exf5 Rc3 30. Kf2 Nd3+ 31. Ke2 Nf4+ 32. Kf3 Nxg2 33. Rxg2+ Kf6 34. fxe6 fxe6 35. Ke4 Rc1 36. Rf2+ Kg6 37. Rh2 b5 38. h4 Kh5 39. Nc2 a5 40. Nd4 b4 41. Nxe6 a4 42. Nf4+ Kh6 43. bxa4 Rc3 44. h5 Ra3 45. Rg2 Rxa4 46. Kf5 Ra5+ 47. Kg4 Rg5+ 48. Kh4 Ra5 49. Rg6+ Kh7 50. Rb6 Ra4 51. Kg4 Rxa2 52. Rxb4 Ra7 53. Rb5 Rg7+ 54. Rg5 Ra7 55. Rf5 Ra1 56. Nh3 Rg1+ 57. Kh4 Ra1 58. Ng5+ Kg8 59. h6 Rh1+ 60. Nh3 Kh7 61. Rf6 Kh8 62. Kg4 Ra1 63. Ng5 Ra8 64. Kh5 Rb8 65. Rd6 Rc8 66. Rd8+ Rxd8 67. Nf7+ 1-0


[Site "https://www.chess.com"]

[Event "Titled Tuesday Blitz May 24 Early 2022"]
[White "Barria Zuniga, Daniel"]
[Black "Costachi, Mihnea"]
[WhiteFideId "3400816"]
[BlackFideId "1217518"]
[WhiteElo "2414"]
[BlackElo "2476"]
[Result "0-1"]
[Round "11"]
[TimeControl "180+1"]
[Date "2022.05.24"]
[WhiteClock "0:00:03"]
[BlackClock "0:00:17"]

1. c4 Nf6 2. g3 g6 3. Bg2 Bg7 4. Nc3 O-O 5. d4 d6 6. e3 Nc6 7. Nge2 e5 8. O-O Bd7 9. h3 Re8 10. Kh2 Qe7 11. d5 Nd8 12. e4 Rf8 13. Be3 Ne8 14. Qd2 f5 15. exf5 gxf5 16. f4 e4 17. Bd4 Nf6 18. Nd1 c5 19. Bc3 b5 20. b3 b4 21. Bb2 a5 22. a4 bxa3 23. Rxa3 a4 24. Ne3 Nf7 25. Rfa1 Rfb8 26. Bc3 Nh5 27. bxa4 Bxc3 28. Qxc3 Ra6 29. a5 Nd8 30. Rb3 Rba8 31. Raa3 Qg7 32. Qxg7+ Nxg7 33. Nc3 Nf7 34. g4 Kf8 35. Kg3 Rxa5 36. Rxa5 Rxa5 37. Bf1 Ke7 38. Be2 Ra1 39. Kf2 Nh8 40. Rb7 Ra8 41. gxf5 Rf8 42. Nxe4 Kd8 43. f6 Ne8 44. Bg4 Bxg4 45. hxg4 Ng6 46. Kf3 Kc8 47. Rxh7 Nxf6 48. Nxf6 Rxf6 49. f5 Ne5+ 50. Kf4 Nd3+ 51. Kg5 Rf8 52. f6 Ne5 53. Nf5 Nf3+ 54. Kf4 Nd4 55. Nxd6+ Kd8 56. Nf5 Rxf6 57. Ke5 Rg6 58. Nxd4 cxd4 59. Kxd4 Rxg4+ 60. Kc5 Rh4 61. d6 Rxh7 0-1


[Site "https://www.chess.com"]

[Event "Titled Tuesday Blitz May 24 Early 2022"]
[White "Bryakin, Mikhail"]
[Black "Perez Gormaz, Matias"]
[WhiteFideId "4165314"]
[BlackFideId "3406342"]
[WhiteElo "2417"]
[BlackElo "2341"]
[Result "1-0"]
[Round "11"]
[TimeControl "180+1"]
[Date "2022.05.25"]
[WhiteClock "0:00:07"]
[BlackClock "0:00:01"]

1. e4 d5 2. Nc3 dxe4 3. Nxe4 Bf5 4. Ng3 Bg6 5. Nf3 Nd7 6. Bc4 e6 7. O-O Ngf6 8. d4 Bd6 9. c3 O-O 10. a4 c5 11. Re1 Qc7 12. Bb5 Rad8 13. Qe2 a6 14. Bd3 Bxd3 15. Qxd3 cxd4 16. Nxd4 Bc5 17. Be3 Ne5 18. Qe2 Neg4 19. Nf1 Nxe3 20. fxe3 Rd5 21. Rad1 Rfd8 22. Nc2 h5 23. Rxd5 Rxd5 24. Rd1 Re5 25. Nd4 Ng4 26. Rd3 g6 27. h3 Nf6 28. Nd2 Nd5 29. Qf3 Qb6 30. Nc4 Qc7 31. Nxe5 Qxe5 32. b4 Ba7 33. Kh1 Bb8 34. g3 Qc7 35. Ne2 Qc4 36. Rd4 Qa2 37. a5 Qb1+ 38. Kg2 Qc2 39. Kf1 Ba7 40. c4 Ne7 41. Rd8+ Kg7 42. e4 Qd1+ 43. Rxd1 1-0


[Site "https://www.chess.com"]

[Event "Titled Tuesday Blitz May 24 Early 2022"]
[White "Buscar, Michael"]
[Black "Vo, Thi Kim Phung"]
[WhiteFideId "2603616"]
[BlackFideId "12401838"]
[WhiteElo "2010"]
[BlackElo "2261"]
[Result "0-1"]
[Round "11"]
[TimeControl "180+1"]
[Date "2022.05.25"]
[WhiteClock "0:00:17"]
[BlackClock "0:00:07"]

1. d4 Nf6 2. c4 e6 3. Nc3 Bb4 4. Qc2 O-O 5. f3 d5 6. e3 c5 7. a3 Bxc3+ 8. Qxc3 cxd4 9. exd4 dxc4 10. Bxc4 Nc6 11. Be3 Nd5 12. Bxd5 exd5 13. Ne2 Re8 14. O-O Qe7 15. Kf2 Bf5 16. Nf4 Rad8 17. Rfe1 Qd6 18. Kg1 b6 19. Qd2 Na5 20. Qf2 Nc4 21. Bc1 Rxe1+ 22. Qxe1 Nxb2 23. Nxd5 Qxd5 24. Bxb2 Be6 25. Rc1 Qb5 26. d5 Qxd5 27. Qc3 Qg5 28. Re1 h6 29. h4 Qg3 30. Qe5 Qxe5 31. Bxe5 Rd3 32. Ra1 b5 33. Kf2 Rd2+ 34. Kg3 a5 35. Bc3 Rc2 36. Bxa5 Bb3 37. Re1 Be6 38. Bb4 Kh7 39. Rd1 Bc4 40. Re1 Kg6 41. Kh3 h5 42. Re5 f6 43. Re1 Kf7 44. Rg1 Be6+ 45. Kg3 Bd5 46. Kf4 Rc4+ 47. Kg3 Be6 48. Re1 Rc2 49. Re4 Bc4 50. Re7+ Kg6 51. Re1 Bd5 52. Rd1 Bc4 53. Rd2 Rc1 54. Kf4 Rb1 55. g4 hxg4 56. fxg4 Rf1+ 57. Ke4 Be6 58. Rg2 Kf7 59. Kd4 Bc4 60. Kc5 Rf4 61. Bc3 Be6 62. g5 Rxh4 63. Kxb5 fxg5 64. Rxg5 Bc4+ 65. Kb6 Be6 66. Rxg7+ Kf8 67. Bb4+ Kxg7 68. Be7 Rg4 69. Bc5 Kf7 70. Bb4 Bd5 71. Kc5 Ke6 72. a4 Rc4+ 73. Kb5 Rg4 74. a5 Bc4+ 75. Kb6 Kd5 76. a6 Rg6+ 77. Kb7 Rxa6 78. Bc3 Rc6 79. Bb4 Bb5 80. Ba5 Kd6 81. Bb6 Kd7 82. Ba5 Ba6+ 83. Ka7 Bc8 84. Bb6 Kd6 85. Bd4 Bf5 86. Bb6 Be4 87. Bd4 Kc7 88. Be3 Rc3 89. Bf4+ Kc6 90. Be5 Ra3+ 91. Kb8 Kd5 92. Bc7 Kc6 93. Bh2 Ra4 94. Kc8 Ra2 95. Bf4 Ra8+ 96. Bb8 Kb6 97. Kd7 Rxb8 98. Kd6 Kb5 99. Ke5 Bc6 100. Kd6 Rb7 101. Ke6 Rd7 102. Kf6 Kc5 103. Ke6 Rd6+ 104. Ke5 Bb7 105. Kf5 Kd5 106. Kf4 Re6 107. Kf5 Bc6 108. Kf4 Kd4 109. Kf5 Bd5 110. Kf4 Rf6+ 111. Kg5 Ke5 112. Kg4 Rf1 113. Kg5 Rg1+ 114. Kh4 Kf4 115. Kh3 Rh1# 0-1


[Site "https://www.chess.com"]

[Event "Titled Tuesday Blitz May 24 Early 2022"]
[White "Cherniaiev, Tykhon"]
[Black "Yuan, Qingyu"]
[WhiteFideId "14182360"]
[BlackFideId "8609772"]
[WhiteElo "2289"]
[BlackElo "2359"]
[Result "0-1"]
[Round "11"]
[TimeControl "180+1"]
[Date "2022.05.24"]
[WhiteClock "0:00:07"]
[BlackClock "0:00:08"]

1. Nf3 d5 2. c4 e6 3. d4 Nf6 4. g3 dxc4 5. Bg2 c5 6. O-O Nc6 7. dxc5 Qxd1 8. Rxd1 Bxc5 9. Nbd2 c3 10. bxc3 O-O 11. Nb3 Be7 12. Nfd4 Nxd4 13. cxd4 Nd5 14. Bb2 f5 15. e4 fxe4 16. Bxe4 b6 17. Re1 Bb7 18. a4 a5 19. Ba3 Bb4 20. Bxb4 axb4 21. a5 bxa5 22. Nxa5 Ra7 23. Nxb7 Rxb7 24. Rab1 Rc8 25. Bf3 Kf7 26. Rxe6 Kxe6 27. Bg4+ Kd6 28. Bxc8 Rb8 29. Bf5 Nc3 30. Rb3 Ne2+ 31. Kg2 Nxd4 32. Rd3 Kc5 33. Bxh7 b3 34. Rc3+ Kb4 35. Rc7 Ne6 36. Re7 Rb6 37. Bf5 b2 38. h4 Nd4 39. Bb1 g6 40. Re3 Nb5 41. Bc2 Nc3 42. Rd3 Kc4 43. Rf3 Rd6 44. Rf4+ Kc5 45. Rf3 Kb4 46. Rf4+ Kc5 47. Rf3 Kc4 48. Rf4+ Rd4 49. Bxg6 Rxf4 50. gxf4 Kd4 51. h5 Ne4 52. h6 b1=Q 53. h7 Qb8 54. Kf3 Nf6 55. Kg3 Qh8 56. Kh4 Nxh7 57. Kg4 Nf8 58. f5 Qf6 59. f4 Ke4 60. Kh5 Nxg6 61. fxg6 Kf5 62. g7 Qg6+ 63. Kh4 Qg4# 0-1


[Site "https://www.chess.com"]

[Event "Titled Tuesday Blitz May 24 Early 2022"]
[White "Chernomordik, Pavel"]
[Black "Hoffmann, Asa"]
[WhiteFideId "2804530"]
[BlackFideId "2001470"]
[WhiteElo "2220"]
[BlackElo "2117"]
[Result "1/2-1/2"]
[Round "11"]
[TimeControl "180+1"]
[Date "2022.05.25"]
[WhiteClock "0:00:07"]
[BlackClock "0:00:06"]

1. e4 d6 2. d4 Nf6 3. Nc3 c6 4. Bg5 Nbd7 5. Qd2 b5 6. Bd3 e5 7. dxe5 dxe5 8. O-O-O Qc7 9. Kb1 Bc5 10. f4 h6 11. Bxf6 gxf6 12. Nge2 a6 13. Rhf1 Bb7 14. Ng3 O-O-O 15. Nh5 Qb6 16. Qe2 Bd4 17. Qg4 Kb8 18. Ne2 Rhg8 19. Qh3 c5 20. c3 c4 21. Bc2 Bc8 22. cxd4 exd4 23. Nxd4 Nc5 24. Qe3 Rxg2 25. Nc6+ Qxc6 26. Rxd8 b4 27. Nxf6 b3 28. axb3 cxb3 29. Qxc5 bxc2+ 30. Kc1 Qxc5 31. Nd7+ Kc7 32. Nxc5 Kxd8 33. Nd3 Rxh2 34. Nf2 a5 35. Kxc2 Ba6 36. Rd1+ Ke7 37. Rd2 h5 38. e5 h4 39. Ne4 Rxd2+ 40. Kxd2 h3 41. Ng3 h2 42. Ke3 Bb7 43. f5 h1=Q 44. Nxh1 Bxh1 45. Kd4 Kd7 46. Kc5 Be4 47. e6+ fxe6 48. fxe6+ Kxe6 49. Kb5 Bd5 50. Kxa5 Kd6 51. Kb6 Bb3 52. Kb5 Bd1 53. Kb4 Kc6 54. Kc3 Kb5 55. b4 Ba4 56. Kd4 Kxb4 1/2-1/2


[Site "https://www.chess.com"]

[Event "Titled Tuesday Blitz May 24 Early 2022"]
[White "Ciuffoletti, Paolo"]
[Black "Sailer, Mike"]
[WhiteFideId "807630"]
[BlackFideId "2012901"]
[WhiteElo "2143"]
[BlackElo "2109"]
[Result "1-0"]
[Round "11"]
[TimeControl "180+1"]
[Date "2022.05.25"]
[WhiteClock "0:00:32"]
[BlackClock "0:00:50"]

1. e4 d5 2. exd5 Qxd5 3. Nc3 Qd6 4. d4 Nf6 5. Nf3 c6 6. Bd3 Bg4 7. h3 Bh5 8. g4 Bg6 9. Be3 Bxd3 10. Qxd3 e6 11. Ne5 Nbd7 12. f4 Nb6 13. O-O-O Nbd5 14. Nxd5 Nxd5 15. Bd2 f6 16. Nc4 Qc7 17. f5 exf5 18. Rde1+ Be7 19. gxf5 O-O-O 20. Kb1 Rhe8 21. Rhg1 Bf8 22. Re6 Rxe6 23. fxe6 Re8 24. Qxh7 Rxe6 25. Qg8 Re8 26. Re1 Rxe1+ 27. Bxe1 Qe7 28. Bd2 b5 29. Na5 Kc7 30. a3 Nb6 31. Nb3 Nc4 32. Bb4 c5 33. Bxc5 Nd2+ 34. Nxd2 Qe1+ 35. Ka2 Bxc5 36. dxc5 Qxd2 37. Qxg7+ Kc6 38. Qxf6+ Kxc5 39. Qc3+ Qxc3 40. bxc3 a5 41. h4 Kd5 42. h5 Ke6 43. a4 bxa4 44. c4 1-0


[Site "https://www.chess.com"]

[Event "Titled Tuesday Blitz May 24 Early 2022"]
[White "Csonka, Balazs"]
[Black "Matlakov, Maxim"]
[WhiteFideId "742910"]
[BlackFideId "4168003"]
[WhiteElo "2404"]
[BlackElo "2669"]
[Result "0-1"]
[Round "11"]
[TimeControl "180+1"]
[Date "2022.05.24"]
[WhiteClock "0:00:05"]
[BlackClock "0:02:07"]

1. d4 Nf6 2. c4 e6 3. Nc3 d5 4. Nf3 h6 5. g3 Nc6 6. Bg2 Bd6 7. O-O O-O 8. e3 b6 9. b3 Ba6 10. Nd2 Na5 11. Qe2 c5 12. dxc5 bxc5 13. Rd1 Rb8 14. Qe1 Be5 15. Nf3 Bxc3 16. Qxc3 Ne4 17. Qe1 Qf6 18. Qxa5 Qxa1 19. Qxa6 Rxb3 20. cxd5 exd5 21. Qxa7 Rc3 22. Rf1 Rxc1 23. a4 Rxf1+ 24. Bxf1 Qb2 25. a5 Qxf2+ 0-1


[Site "https://www.chess.com"]